 Dungeon Sprint DCSS version 0.17-a0-1324-ga541562 (webtiles) character file.

21264 Kidiri the Unseen (level 12, -14/64 HPs)
             Began as a Spriggan Enchanter on June 9, 2015.
             Was the Champion of Dithmenos.
             Killed from afar by a greater naga (37 damage)
             ... with a bolt of poison
             ... in the Dungeon (Sprint III: "The Ten Rune Challenge").
             The game lasted 00:18:55 (2793 turns).

Kidiri the Unseen (Spriggan Enchanter)              Turns: 2793, Time: 00:18:55

Health: -14/64     AC:  6    Str:  4    XL:     12   Next: 52%
Magic:  35/35      EV: 34    Int: 19    God:    Dithmenos [******]
Gold:   32         SH:  0    Dex: 19    Spells: 5 memorised, 29 levels left

rFire  . . .     SeeInvis +     a - +2 dagger
rCold  . . .     Clarity  .     b - +1 robe
rNeg   . . .     SustAt   .     (shield restricted)
rPois  .         Gourm    .     (helmet restricted)
rElec  .         Spirit   .     n - +0 cloak (curse)
rCorr  .         Warding  .     (gloves unavailable)
rMut   .         NoTele   +     (boots unavailable)
MR     ++...                    (no amulet)
Stlth  ++++++++++               (no ring)
                                (no ring)

@: lethally poisoned (-14 -> -38), wreathed by umbra, very quick, very resistant
to hostile enchantments, uncannily stealthy
A: unfitting armour, horns 1, slimy green scales 1, see invisible, herbivore 3,
speed 3, high mp 1, screaming 1, slow metabolism 2, evolution 2
a: Shadow Step, Shadow Form, Renounce Religion


You were in the Dungeon.
You worshipped Dithmenos.
Dithmenos was exalted by your worship.
You were not hungry.

You visited 1 branch You collected 32 gold pieces.

Inventory:

Hand weapons
 a - a +2 dagger (weapon)
 p - a +0 blowgun
Missiles
 m - 6 throwing nets (quivered)
 t - 2 curare-tipped needles
Armour
 b - a +1 robe (worn)
 n - a cursed +0 cloak (worn)
Magical devices
 l - a wand of frost (31)
Scrolls
 j - a scroll of blinking
 s - 3 scrolls of holy word
Potions
 e - 3 potions of curing
 g - a potion of haste
 h - 2 potions of magic
 i - 2 potions of berserk rage
 k - 5 potions of cure mutation
 r - a potion of agility
 u - 2 potions of flight
 v - a potion of might
 w - a potion of invisibility {unknown}
Books
 c - a book of Maledictions

   Spells                             Type                      Level
   a - Corona                         Hexes                        1
   b - Ensorcelled Hibernation        Hexes/Ice                    2
   c - Confuse                        Hexes                        3
   d - Tukima's Dance                 Hexes                        3
   e - Dazzling Spray                 Conjuration/Hexes            3
 q - a Necronomicon {highlevel, unknown}

   This book is beyond your current level of understanding.

   Spells                             Type                      Level
   a - Haunt                          Necromancy/Summoning         7
   b - Borgnjor's Revivification      Necromancy                   8
   c - Death's Door                   Charms/Necromancy            8
   d - Necromutation                  Transmutation/Necromancy     8
Comestibles
 d - 3 bread rations
 f - 3 fruits
 o - a royal jelly


   Skills:
 + Level 8.0 Fighting
 * Level 14.2 Short Blades
 * Level 17.8 Dodging
 * Level 19.3 Stealth
 * Level 15.4 Spellcasting
 + Level 6.9 Conjurations
 + Level 11.6 Hexes
 + Level 7.8 Ice Magic
 + Level 8.6 Invocations


You had 29 spell levels left.
You knew the following spells:

 Your Spells              Type           Power        Failure   Level  Hunger
a - Corona                Hex            ######.      1%          1    None
b - Ensorcelled Hibernat  Hex/Ice        ######       1%          2    None
c - Confuse               Hex            ######..     1%          3    None
d - Tukima's Dance        Hex            ######..     1%          3    None
e - Dazzling Spray        Conj/Hex       ######..     1%          3    None


Dungeon Overview and Level Annotations

Branches:
Dungeon (1/1)

Altars:
Cheibriados
Dithmenos
Elyvilon
Fedhas
Gozag
Kikubaaqudgha
Makhleb
Nemelex Xobeh
Okawaru
Qazlal
Ru
Sif Muna
Trog
Vehumet
Xom
Yredelemnul
Zin
The Shining One
Jiyva
Lugonu

Shops:
D :(!


Innate Abilities, Weirdness & Mutations

You are tiny and cannot use many weapons and most armour.
You have supernaturally acute eyesight.
You are a herbivore.
You cover ground extremely quickly.
You need consume almost no food.
You have a pair of small horns on your head.
You are partially covered in slimy green scales (AC +2).
You have an increased reservoir of magic (+10% MP).
You occasionally shout uncontrollably at your foes.
You rapidly evolve.


Message History

The greater naga hits you with a halberd!!
You emit a cloud of dark smoke.
The greater naga misses you.
You hit the greater naga but do no damage.
The greater naga is heavily wounded.
Things that are here:
a club; a robe; 5 inedible chunks of flesh You start resting.
Press: ? - help, v - describe, . - travel
Here: a greater naga, wielding a halberd and wearing a robe (heavily wounded, umbra)
The floor.
The greater naga spits poison at you. The splash of poison hits you!
You are poisoned.
You hit the greater naga but do no damage.
The greater naga is heavily wounded.
You feel sick.
The greater naga gestures at you while chanting.
The bolt of poison hits you!
You are lethally poisoned!
Ouch! That really hurt!
You die...

########'############
##### #...........##
#............#
###########..#
##...........#
#...........##
#..##########
#...........##
##.......@...#
##########N.#
##..§§N§§§...#
#∩..§§§§N§..##
#∩.##########
#∩........ ##........
#########


You could see a greater naga.

Vanquished Creatures
  Rupert (D)
  Harold (D)
  Maud (D)
  Erolcha (D)
  A naga warrior (D)
  4 anacondas (D)
  4 death yaks (D)
  A lindwurm (D)
  Joseph (D)
  4 black mambas (D)
  A komodo dragon (D)
  2 spiny frogs (D)
  A fire drake (D)
  A deep elf priest (D)
  4 spriggan defenders (D)
  3 wandering mushrooms (D)
  3 orc high priests (D)
  8 blink frogs (D)
  2 trapdoor spiders (D)
  4 redbacks (D)
  A shadow (D)
  4 water moccasins (D)
  2 hill giants (D)
  A naga (D)
  A spatial vortex (D)
  A swamp drake (D)
  A necrophage (D)
  3 two-headed ogres (D)
  2 brain worms (D)
  A water elemental (D)
  A jelly (D)
  A wizard (D)
  Crazy Yiuf (D)
  An orc priest (D)
  Jessica (D)
  A necromancer (D)
  A kobold demonologist (D)
  3 humans (D)
  6 adders (D)
  2 oozes (D)
  A rat (D)
  2 plants (D)
86 creatures vanquished.

Vanquished Creatures (others)
  2 draconian scorchers (D)
  2 hydras (D)
  2 yaktaurs (D)
  An electric eel (D)
  A plant (D)
8 creatures vanquished.

Grand Total: 94 creatures vanquished

Notes
Turn   | Place    | Note
--------------------------------------------------------------
     0 | D        | Kidiri the Spriggan Enchanter began the quest for the Orb.
     0 | D        | Reached XP level 1. HP: 9/9 MP: 5/5
    11 | D        | Reached skill level 5 in Stealth
    11 | D        | Reached XP level 2. HP: 14/14 MP: 7/7
    15 | D        | Learned a level 2 spell: Ensorcelled Hibernation
    27 | D        | Noticed Jessica
    31 | D        | Killed Jessica
    31 | D        | Reached skill level 1 in Fighting
    31 | D        | Reached skill level 5 in Dodging
    31 | D        | Reached skill level 6 in Stealth
    31 | D        | Reached XP level 3. HP: 18/18 MP: 7/9
    59 | D        | Noticed Crazy Yiuf
    62 | D        | Killed Crazy Yiuf
    62 | D        | Reached skill level 1 in Ice Magic
    67 | D        | Reached skill level 7 in Stealth
    67 | D        | Reached XP level 4. HP: 23/23 MP: 9/11
    72 | D        | Learned a level 3 spell: Confuse
    76 | D        | Learned a level 3 spell: Tukima's Dance
    80 | D        | Learned a level 3 spell: Dazzling Spray
   120 | D        | Killed a yaktaur
   215 | D        | Gained mutation: You are partially covered in slimy green scales (AC +2). [potion of mutation]
   215 | D        | Gained mutation: You evolve. [potion of mutation]
   215 | D        | Gained mutation: You have a pair of small horns on your head. [potion of mutation]
   216 | D        | Gained mutation: You occasionally shout uncontrollably at your foes. [potion of mutation]
   216 | D        | Gained mutation: You have an increased reservoir of magic (+10% MP). [potion of mutation]
   216 | D        | Gained mutation: You rapidly evolve. [potion of mutation]
   222 | D        | Noticed a water elemental
   225 | D        | Killed a water elemental
   225 | D        | Reached skill level 8 in Stealth
   225 | D        | Reached skill level 5 in Spellcasting
   225 | D        | Reached skill level 5 in Hexes
   225 | D        | Reached XP level 5. HP: 26/26 MP: 12/15
   237 | D        | Noticed a jelly
   238 | D        | Noticed a shadow
   240 | D        | Killed a shadow
   240 | D        | Reached skill level 5 in Short Blades
   240 | D        | Reached skill level 9 in Stealth
   240 | D        | Reached skill level 1 in Conjurations
   240 | D        | Reached XP level 6. HP: 29/32 MP: 15/18
   244 | D        | Killed a jelly
   249 | D        | Found a stormy altar of Qazlal.
   249 | D        | Found a sacrificial altar of Ru.
   249 | D        | Found a burning altar of Makhleb.
   249 | D        | Found a shimmering altar of Xom.
   249 | D        | Noticed a spatial vortex
   250 | D        | Found a viscous altar of Jiyva.
   250 | D        | Found a shadowy altar of Dithmenos.
   250 | D        | Found a sparkling altar of Nemelex Xobeh.
   250 | D        | Found a corrupted altar of Lugonu.
   250 | D        | Found an opulent altar of Gozag.
   254 | D        | Killed a spatial vortex
   254 | D        | Reached skill level 10 in Stealth
   256 | D        | Became a worshipper of Dithmenos the Shadowed
   273 | D        | Killed a white draconian scorcher
   279 | D        | Found a radiant altar of Vehumet.
   279 | D        | Found a deep blue altar of Sif Muna.
   279 | D        | Found an ancient bone altar of Kikubaaqudgha.
   279 | D        | Noticed a wizard
   289 | D        | Killed a wizard
   367 | D        | Found a glowing silver altar of Zin.
   367 | D        | Found a glowing golden altar of the Shining One.
   367 | D        | Found a white marble altar of Elyvilon.
   368 | D        | Noticed a deep elf priest
   370 | D        | Killed a deep elf priest
   370 | D        | Reached skill level 11 in Stealth
   370 | D        | Reached skill level 1 in Invocations
   370 | D        | Reached XP level 7. HP: 35/37 MP: 19/21
   376 | D        | Killed a yaktaur
   380 | D        | Found an iron altar of Okawaru.
   380 | D        | Found a bloodstained altar of Trog.
   380 | D        | Noticed a human
   381 | D        | Noticed a human
   383 | D        | Killed a human
   383 | D        | Reached skill level 10 in Dodging
   384 | D        | Killed a human
   401 | D        | Found a basalt altar of Yredelemnul.
   401 | D        | Found a snail-covered altar of Cheibriados.
   401 | D        | Found a blossoming altar of Fedhas.
   401 | D        | Noticed a necrophage
   401 | D        | Noticed a necromancer
   424 | D        | Killed a necrophage
   424 | D        | Acquired Dithmenos's first power
   424 | D        | Reached XP level 8. HP: 42/42 MP: 9/24
   438 | D        | Killed a necromancer
   501 | D        | Killed a white draconian scorcher
   575 | D        | Noticed a two-headed ogre
   575 | D        | Noticed a two-headed ogre
   579 | D        | Killed a two-headed ogre
   581 | D        | Killed a two-headed ogre
   583 | D        | Noticed a two-headed ogre
   584 | D        | Killed a two-headed ogre
   584 | D        | Acquired Dithmenos's second power
   584 | D        | Reached skill level 12 in Stealth
   674 | D        | Noticed a hill giant
   677 | D        | Killed a hill giant
   682 | D        | Noticed a hill giant
   682 | D        | Noticed Erolcha
   684 | D        | Killed Erolcha
   684 | D        | Reached skill level 13 in Stealth
   684 | D        | Reached skill level 10 in Spellcasting
   684 | D        | Reached XP level 9. HP: 46/46 MP: 24/26
   685 | D        | Killed a hill giant
   695 | D        | Noticed a redback
   700 | D        | Killed a redback
   720 | D        | Noticed a trapdoor spider
   723 | D        | Killed a trapdoor spider
   723 | D        | Acquired Dithmenos's third power
   723 | D        | Reached skill level 5 in Fighting
   745 | D        | Noticed a trapdoor spider
   747 | D        | Killed a trapdoor spider
  1075 | D        | Noticed Harold
  1075 | D        | Noticed Joseph
  1077 | D        | Killed Harold
  1077 | D        | Reached skill level 10 in Short Blades
  1077 | D        | Reached skill level 14 in Stealth
  1077 | D        | Reached skill level 5 in Ice Magic
  1077 | D        | Reached skill level 5 in Invocations
  1077 | D        | Reached XP level 10. HP: 51/51 MP: 23/29
  1085 | D        | Killed Joseph
  1184 | D        | Noticed an orc high priest
  1184 | D        | Noticed an orc high priest
  1186 | D        | Noticed an orc priest
  1186 | D        | Noticed an orc high priest
  1187 | D        | Killed an orc high priest
  1187 | D        | Reached skill level 15 in Stealth
  1189 | D        | Killed an orc high priest
  1191 | D        | Killed an orc high priest
  1192 | D        | Killed an orc priest
  1295 | D        | Noticed a spriggan defender
  1296 | D        | Noticed a spriggan defender
  1296 | D        | Noticed a spriggan defender
  1296 | D        | Noticed a spriggan defender
  1317 | D        | Killed a spriggan defender
  1320 | D        | Killed a spriggan defender
  1320 | D        | Reached skill level 5 in Conjurations
  1329 | D        | Killed a spriggan defender
  1340 | D        | Killed a spriggan defender
  1542 | D        | Noticed a wandering mushroom
  1545 | D        | Noticed a wandering mushroom
  1545 | D        | Noticed a wandering mushroom
  1546 | D        | Killed a wandering mushroom
  1549 | D        | Killed a wandering mushroom
  1553 | D        | Killed a wandering mushroom
  1597 | D        | Noticed a spiny frog
  1597 | D        | Noticed a komodo dragon
  1597 | D        | Noticed a spiny frog
  1600 | D        | Killed a spiny frog
  1602 | D        | Killed a spiny frog
  1602 | D        | Reached skill level 16 in Stealth
  1604 | D        | Killed a komodo dragon
  1604 | D        | Acquired Dithmenos's fourth power
  1630 | D        | Noticed a redback
  1632 | D        | Killed a redback
  1632 | D        | Reached XP level 11. HP: 57/57 MP: 31/31
  1633 | D        | Noticed a brain worm
  1636 | D        | Killed a brain worm
  1703 | D        | Noticed a brain worm
  1707 | D        | Killed a brain worm
  1718 | D        | Noticed a lindwurm
  1720 | D        | Noticed a redback
  1721 | D        | Killed a lindwurm
  1721 | D        | Reached skill level 15 in Dodging
  1721 | D        | Reached skill level 10 in Hexes
  1724 | D        | Killed a redback
  1741 | D        | Noticed a redback
  1742 | D        | Killed a redback
  1745 | D        | Noticed Maud
  1747 | D        | Killed Maud
  1773 | D        | Noticed an electric eel
  1774 | D        | Noticed a seven-headed hydra
  1774 | D        | Noticed a four-headed hydra
  1857 | D        | Noticed a swamp drake
  1857 | D        | Noticed a fire drake
  1858 | D        | Killed a fire drake
  1860 | D        | Killed a swamp drake
  1860 | D        | Reached skill level 17 in Stealth
  1866 | D        | Noticed a blink frog
  1866 | D        | Noticed a blink frog
  1866 | D        | Noticed a blink frog
  1868 | D        | Noticed a blink frog
  1868 | D        | Noticed a blink frog
  1870 | D        | Killed a blink frog
  1872 | D        | Killed a blink frog
  1876 | D        | Killed a blink frog
  1882 | D        | Killed a blink frog
  1885 | D        | Killed a blink frog
  1949 | D        | Noticed Rupert
  1978 | D        | Killed a seven-headed hydra
  1980 | D        | Paralysed by Rupert for 4 turns
  1983 | D        | Killed an electric eel
  1996 | D        | Killed Rupert
  2016 | D        | Killed a four-headed hydra
  2023 | D        | Noticed a death yak
  2024 | D        | Noticed a death yak
  2024 | D        | Noticed a blink frog
  2025 | D        | Noticed an azure jelly
  2025 | D        | Noticed a death yak
  2025 | D        | Noticed an azure jelly
  2025 | D        | Noticed a blink frog
  2025 | D        | Noticed a death yak
  2026 | D        | Killed a death yak
  2027 | D        | Killed a death yak
  2027 | D        | Reached skill level 18 in Stealth
  2028 | D        | Killed a blink frog
  2029 | D        | Noticed a blink frog
  2029 | D        | Noticed a black mamba
  2030 | D        | Killed a death yak
  2031 | D        | Noticed a black mamba
  2032 | D        | Killed a death yak
  2032 | D        | Reached XP level 12. HP: 63/63 MP: 30/34
  2033 | D        | Killed a blink frog
  2034 | D        | Killed a blink frog
  2036 | D        | Killed a black mamba
  2037 | D        | Killed a black mamba
  2070 | D        | Noticed a black mamba
  2070 | D        | Noticed a black mamba
  2070 | D        | Noticed a water moccasin
  2071 | D        | Noticed an anaconda
  2072 | D        | Killed a black mamba
  2074 | D        | Killed a black mamba
  2103 | D        | Killed an anaconda
  2103 | D        | Reached skill level 15 in Spellcasting
  2120 | D        | Noticed an azure jelly
  2120 | D        | Noticed an azure jelly
  2199 | D        | Killed a water moccasin
  2237 | D        | Noticed an anaconda
  2237 | D        | Noticed an anaconda
  2237 | D        | Noticed a water moccasin
  2237 | D        | Noticed a water moccasin
  2241 | D        | Killed an anaconda
  2248 | D        | Killed a water moccasin
  2260 | D        | Killed an anaconda
  2260 | D        | Reached skill level 19 in Stealth
  2262 | D        | Killed a water moccasin
  2354 | D        | Noticed a water moccasin
  2354 | D        | Noticed an anaconda
  2395 | D        | Killed an anaconda
  2397 | D        | Killed a water moccasin
  2517 | D        | Noticed a naga
  2517 | D        | Noticed a naga
  2518 | D        | Noticed a naga warrior
  2518 | D        | Noticed a greater naga
  2518 | D        | Found Afoykuph's Book Boutique.
  2518 | D        | Found Dabli's Antique Weapon Emporium.
  2521 | D        | Killed a naga
  2732 | D        | Killed a naga warrior
  2746 | D        | Found Qaguc's Distillery.
  2793 | D        | Killed from afar by a greater naga

Vault maps used:
D:        dungeon_sprint_mu

Action                   |  1- 3 |  4- 6 |  7- 9 | 10-12 || total
-------------------------+-------+-------+-------+-------++-------
Melee: Dagger            |     6 |    10 |    32 |   226 ||   274
 Fire: Blowgun           |       |       |       |     6 ||     6
Throw: Throwing net      |       |       |       |    12 ||    12
 Cast: Confuse           |       |     2 |     5 |     7 ||    14
       Ensorcelled Hiber |       |     2 |     2 |    44 ||    48
Invok: Shadow Step       |       |       |     2 |    10 ||    12
  Use: Scroll            |       |     5 |     1 |       ||     6
       Potion            |       |     2 |       |     1 ||     3
 Stab: Sleeping          |     6 |     5 |    12 |    44 ||    67
       Confused          |       |     2 |     1 |     5 ||     8
       Held in net/web   |       |       |       |     6 ||     6
       Distracted        |       |       |       |     2 ||     2
